 Dungeon Crawl Stone Soup version 0.31-a0-920-g28cbb04a8c (webtiles) character file.

Game seed: 5617504618338764772

5719 CowFu the Spear-Bearer (level 10, -2/76 HPs)
             Began as a Merfolk Fighter on Oct 18, 2023.
             Was a Priest of the Shining One.
             Slain by an ogre
             ... wielding a +0 giant club
             ... led by Lodul
              (22 damage)
             ... on level 10 of the Dungeon.
             The game lasted 00:12:15 (8723 turns).

CowFu the Spear-Bearer (Merfolk Fighter)            Turns: 8723, Time: 00:12:16

Health: -2/76      AC: 14    Str: 24    XL:     10   Next: 76%
Magic:  10/10      EV:  9    Int: 13    God:    the Shining One [***...]
Gold:   371        SH: 13    Dex: 14    Spells: 9/9 levels left

rFire   . . .        a - +1 trident
rCold   . . .        y - +3 kite shield
rNeg    + . .        u - +0 plate armour
rPois   .            (no helmet)
rElec   .            w - +2 cloak
rCorr   .            (no gloves)
SInv    .            (no boots)
Will    .....        (no amulet)
Stlth   x              - +6 ring of intelligence
HPRegen 0.32/turn    J - ring "Res Kour" {Wiz Str+3}
MPRegen 0.12/turn

%: wizardry (x1)
@: glowing
A: (nimble swimmer 2), mertail
a: Renounce Religion, Divine Shield, Cleansing Flame


You were on level 10 of the Dungeon.
You worshipped the Shining One.
The Shining One was most pleased with you.
You visited 2 branches of the dungeon, and saw 11 of its levels.
You also visited: Ossuary.

You collected 436 gold pieces.
You spent 65 gold pieces at shops.

Inventory:

Hand Weapons
 a - a +1 trident (weapon)
Armour
 u - a +0 plate armour (worn)
 w - a +2 cloak (worn)
 y - a +3 kite shield (worn)
Jewellery
 b - a ring of ice
 d - a ring of positive energy
 l - a ring of fire
 x - a +6 ring of intelligence (left hand)
 J - the ring "Res Kour" (right hand) {Wiz Str+3}
   (You found it on level 7 of the Dungeon)

   [ring of wizardry]

   Wiz:       It improves your spell success rate.
   Str+3:     It affects your strength (+3).
Wands
 r - a wand of mindburst (49)
 E - a wand of digging (7)
 G - a wand of flame (6)
 K - a wand of charming (7)
Scrolls
 f - 2 scrolls of blinking
 g - 2 scrolls of enchant weapon
 h - 4 scrolls of fog
 j - a scroll of enchant armour
 m - a scroll of immolation
 n - 2 scrolls of fear
 q - 2 scrolls of noise
 v - 4 scrolls of teleportation
 I - a scroll of revelation
Potions
 e - 3 potions of invisibility
 i - a potion of attraction
 k - 2 potions of cancellation {unknown}
 o - 3 potions of curing
 p - 4 potions of heal wounds
 s - a potion of magic
 t - 2 potions of resistance
 z - a potion of brilliance
 A - 3 potions of haste
 B - 3 potions of enlightenment {unknown}
 C - a potion of might
 F - 4 potions of lignification {unknown}
 H - a potion of experience {unknown}


   Skills:
 + Level 6.0 Fighting
 - Level 14.0 Polearms
 + Level 4.0 Armour
 + Level 8.0 Dodging
 + Level 8.0 Shields
 + Level 0.4 Invocations


You had 9 spell levels left.
You didn't know any spells.
Your spell library contained the following spells:

 Spells                   Type           Power      Damage    Failure   Level
 Sublimation of Blood     Necr           0%         N/A       99%         2
 Ignite Poison            Fire/Tmut/Pois 0%         N/A       100%        3
 Inner Flame              Hex/Fire       0%         N/A       100%        3
 Tukima's Dance           Hex            0%         N/A       100%        3
 Dimensional Bullseye     Hex/Tloc       0%         N/A       100%        4
 Iskenderun's Mystic Bla  Conj/Tloc      0%         2d3       100%        4
 Petrify                  Tmut/Erth      0%         N/A       100%        4
 Summon Lightning Spire   Summ/Air       0%         N/A       100%        4
 Irradiate                Conj/Tmut      0%         3d11      100%        5
 Silence                  Hex/Air        0%         N/A       100%        5
 Yara's Violent Unravell  Hex/Tmut       0%         3d3       100%        5
 Conjure Ball Lightning   Conj/Air       0%         3x3d6     100%        6
 Enfeeble                 Hex            0%         N/A       100%        7


Dungeon Overview and Level Annotations

Branches:
Dungeon (10/15)            Temple (1/1) D:6            Lair (0/5) D:8
Ossuary (visited)
    Orc: D:9-12

Altars:
Ashenzari
Cheibriados
Dithmenos
Elyvilon
Fedhas
Gozag
Kikubaaqudgha
Makhleb
Nemelex Xobeh
Okawaru
Qazlal
Ru
Sif Muna
Uskayaw
Vehumet
Wu Jian
Xom
Yredelemnul
Zin
The Shining One

Shops:
D:3 !

Portals:
Bailey: D:10

Annotations:
D:8 Amaemon
D:10 Lodul
Temple 2 transporters


Innate Abilities, Weirdness & Mutations

((You are very nimble when in or above water. (Stealth+, EV+, Speed+++)))
Your lower body shifts to a powerful aquatic tail in water.


Message History

Reach: a) +1 trident
Press: ? - help, Dir - move target, f - ogre
Aim: an ogre, wielding a +0 giant club (haloed, about 6% to evade your +1 trident)
The orc is in the way.
You puncture the orc!
You kill the orc!
You puncture the ogre!
The ogre is moderately wounded.
An orc wizard comes into view. It is wielding a +0 dagger.
You puncture the ogre!
The ogre is severely wounded.
You block the ogre's attack.
The orc wizard casts a spell.
The orc wizard flickers and vanishes!
Deactivating autopickup; reactivate with Ctrl-A.
You are confused.
You feel invigorated. The ogre closely misses you.
You puncture the ogre!
You kill the ogre!
You puncture the ogre!
The ogre is moderately wounded.
The ogre closely misses you.
You bump into the rock wall.
The ogre hits you with a +0 giant club. The ogre hits you with a +0 giant club!
You hit the ogre but do no damage.
You bump into the rock wall.
The ogre hits you with a +0 giant club!
You bump into the rock wall.
The ogre barely misses you. The ogre hits you with a +0 giant club!
You hit the ogre but do no damage.
The ogre is moderately wounded.
The ogre misses you.
You bump into the rock wall.
The ogre barely misses you.
The ogre hits you with a +0 giant club!!
You bump into the rock wall.
You feel less invigorated.
You feel less confused. The ogre hits you with a +0 giant club!
* * * LOW HITPOINT WARNING * * *
You puncture the ogre!
The ogre is heavily wounded.
The ogre hits you with a +0 giant club!!
You die...

... #....#
...#####....#
.#........#.#
......O..#.#
#....OO...#
#........)#
+......##.#
#O##......#
#O@Oo.....#
######....#
....# ....#
....# ....#
....#


You could see 3 ogres and an orc wizard (invisible).

Vanquished Creatures
  A kobold demonologist (D:9)
  A rime drake (D:8)
  2 polar bears (D:8)
  A yak (D:8)
  A shadow (D:9)
  Edmund (D:4)
  Duvessa (D:7)
  2 water moccasins
  An orc warrior (D:9)
  5 ice beasts
  A black bear (D:8)
  3 ogres (D:10)
  A wolf (D:8)
  4 centaurs
  2 kobold brigands
  3 bullfrogs
  A gnoll sergeant (D:9)
  11 scorpions
  5 wights (D:9)
  Dowan (D:7)
  6 killer bees (D:9)
  A howler monkey (D:8)
  An electric eel (D:7)
  An iron imp (D:6)
  2 centaur zombies (Ossuary)
  3 hounds
  2 orc priests (D:8)
  2 jellies
  3 iguanas
  2 sleepcaps
  2 scorpion zombies (Ossuary)
  Natasha (thrice) (D:4)
  5 orc wizards
  3 mummies (Ossuary)
  9 gnolls
  8 adders
  A shadow imp (D:5)
  3 white imps
  A worm (D:3)
  6 dart slugs
  20 orcs
  4 ball pythons
  7 bats
  7 endoplasms
  A giant cockroach (D:1)
  2 gnoll zombies (Ossuary)
  8 goblins
  5 hobgoblins
  6 jackals
  21 kobolds
  8 quokkas
  3 frilled lizards
  2 goblin zombies (Ossuary)
  2 hobgoblin zombies (Ossuary)
  2 kobold zombies (Ossuary)
  4 orc zombies (Ossuary)
  9 rats
223 creatures vanquished.

Notes
Turn   | Place    | Note
-------+----------+-------------------------------------------
     0 | D:1      | CowFu the Merfolk Fighter began the quest for the Orb.
     0 | D:1      | Reached XP level 1. HP: 18/18 MP: 1/1
    62 | D:1      | Reached skill level 3 in Polearms
    80 | D:1      | Reached XP level 2. HP: 21/24 MP: 2/2
   189 | D:1      | Reached skill level 4 in Polearms
   407 | D:1      | Reached XP level 3. HP: 21/29 MP: 3/3
   555 | D:1      | Reached skill level 5 in Polearms
   996 | D:2      | Reached XP level 4. HP: 35/35 MP: 4/4
  1606 | D:3      | Found an iron altar of Okawaru.
  1790 | D:3      | Found Hibenepp's Distillery.
  1798 | D:3      | Bought a potion of heal wounds for 65 gold pieces
  2435 | D:4      | Reached skill level 1 in Dodging
  2571 | D:4      | Noticed a scorpion
  2572 | D:4      | Noticed Edmund
  2602 | D:3      | Killed a scorpion
  2603 | D:3      | Reached XP level 5. HP: 12/42 MP: 5/5
  2775 | D:4      | Noticed Natasha
  2795 | D:4      | Killed Natasha
  2796 | D:4      | Reached skill level 6 in Polearms
  3040 | D:4      | Noticed Natasha
  3044 | D:4      | Killed Natasha
  3045 | D:4      | Reached XP level 6. HP: 48/48 MP: 6/6
  3083 | D:4      | Killed Edmund
  3145 | D:4      | Noticed Natasha
  3149 | D:4      | Killed Natasha
  3225 | D:5      | Identified the of Zioqics
  3225 | D:5      | Entered Level 5 of the Dungeon
  3375 | D:5      | Reached XP level 7. HP: 53/55 MP: 7/7
  3898 | D:5      | Reached skill level 7 in Polearms
  4083 | D:6      | Found a staircase to the Ecumenical Temple.
  4096 | Temple   | Found a transporter.
  4096 | Temple   | Found a transporter.
  4096 | Temple   | Found a transporter.
  4096 | Temple   | Found a transporter.
  4096 | Temple   | Entered the Ecumenical Temple
  4109 | Temple   | Became a worshipper of the Shining One
  4156 | D:6      | Found a sand-covered staircase.
  4163 | Ossuary  | Entered an ossuary
  4210 | Ossuary  | Reached skill level 5 in Fighting
  4230 | Ossuary  | Reached * piety under the Shining One
  4238 | Ossuary  | Reached XP level 8. HP: 62/62 MP: 8/8
  4460 | Ossuary  | Reached ** piety under the Shining One
  4485 | Ossuary  | Reached skill level 5 in Shields
  4493 | Ossuary  | Reached skill level 5 in Dodging
  4840 | D:6      | Found a burning altar of Makhleb.
  4870 | D:6      | Reached skill level 8 in Polearms
  5225 | D:6      | Found a broken altar of Ashenzari.
  5401 | D:6      | Found a sparkling altar of Nemelex Xobeh.
  5403 | D:6      | Found a shimmering blue altar of Sif Muna.
  5460 | D:7      | Noticed Duvessa
  5461 | D:7      | Noticed Dowan
  5476 | D:7      | Killed Duvessa
  5477 | D:7      | Reached XP level 9. HP: 50/69 MP: 9/9
  5489 | D:7      | Killed Dowan
  5786 | D:7      | Identified the ring "Res Kour" {Wiz Str+3}
  6387 | D:7      | Reached skill level 9 in Polearms
  6743 | D:7      | Found a shadowy altar of Dithmenos.
  7039 | D:8      | Found a radiant altar of Vehumet.
  7108 | D:8      | Noticed a polar bear
  7129 | D:8      | Killed a polar bear
  7165 | D:8      | Reached skill level 10 in Polearms
  7246 | D:8      | Noticed a polar bear
  7277 | D:8      | Killed a polar bear
  7324 | D:8      | Found a staircase to the Lair.
  7325 | D:8      | Noticed a rime drake
  7338 | D:8      | Killed a rime drake
  7339 | D:8      | Reached XP level 10. HP: 67/76 MP: 10/10
  7418 | D:8      | Reached skill level 11 in Polearms
  7533 | D:8      | Reached *** piety under the Shining One
  7693 | D:8      | Noticed a cyclops
  7699 | D:8      | Noticed a deep elf pyromancer
  7699 | D:8      | Found the +9 staff of Olgreb {rPois∞}
  7700 | D:8      | Noticed Amaemon
  7701 | D:8      | Noticed an orange demon
  7777 | D:9      | Found a blossoming altar of Fedhas.
  7855 | D:9      | Found an ornate altar of the Wu Jian Council.
  7894 | D:9      | Reached skill level 12 in Polearms
  8285 | D:9      | Noticed a kobold demonologist
  8293 | D:9      | Noticed a rust devil
  8297 | D:9      | Killed a kobold demonologist
  8298 | D:9      | Reached skill level 13 in Polearms
  8675 | D:10     | Entered Level 10 of the Dungeon
  8675 | D:10     | Found a flagged portal.
  8681 | D:10     | Noticed Lodul
  8710 | D:10     | Reached skill level 14 in Polearms
  8723 | D:10     | Slain by an ogre

Illustrated notes

Levels and vault maps discovered:
D:1:      spicycebolla_arrival_risky_transporter, layout_rooms,
          lexackson_kobold_supper
D:2:      layout_loops_cross
D:3:      layout_loops_corners, okawaru_trees_2, serial_shops, shop,
          minmay_misc_feat_pillars, columned_hall_lemuel
D:4:      layout_basic, kennysheep_generic_room_14, uniq_edmund, uniq_natasha
D:5:      layout_loops_ring
D:6:      layout_basic, makhleb_grotto_becter,
          mainiacjoe_overflow_small_starburst,
          chequers_temple_overflow_statue_of_worship, temple_pool_b,
          chequers_ossuary_entry_cave, chequers_serial_rivers_micro_a
D:7:      layout_layer_cave, nicolae_dithmenos_through_a_glass_darkly,
          minmay_crystal_water, nicolae_tricolors, uniq_duvessa
D:8:      layout_rooms, vehumet_crystals, trog_ov_bears_minmay,
          hellmonk_lair_entry_icy, st_stairs_3, minmay_diamond_spiral,
          uniq_maurice, uniq_psyche, uniq_amaemon
D:9:      layout_rooms, nicolae_overflow_crystal_walls, lemuel_round_altar,
          hangedman_decor_riveting
D:10:     gammafunk_wand_slinger, layout_stronghold, lemuel_crystal_altar,
          enter_bailey_6, serial_shops, shop, uniq_lodul, uniq_snorg
Temple:   hellmonk_temple_divided_pantheon

Skill      XL: |  1  2  3  4  5  6  7  8  9 10 |
---------------+-------------------------------+-----
Polearms       | 3 4 5 6 7 8 10 14 | 14.0
Dodging        | 1 2 3 4 6 8 |  8.0
Fighting       | 4 5 6 |  6.0
Shields        | 4 5 7 8 |  8.0
Armour         | 3 4 |  4.0
Invocations    | |  0.4

Action                     |  1- 3 |  4- 6 |  7- 9 | 10-12 || total
---------------------------+-------+-------+-------+-------++-------
  Melee: Trident           |   114 |   189 |   429 |   231 ||   963
    Use: Scroll            |     2 |       |    19 |     2 ||    23
         Potion            |       |     2 |     3 |     2 ||     7
 Armour: Scale mail        |    53 |    29 |       |       ||    82
         Plate armour      |       |    98 |   277 |   109 ||   484
  Dodge: Dodged            |    33 |    35 |    84 |    52 ||   204
  Block: Buckler           |    13 |     7 |       |       ||    20
         Kite shield       |       |    57 |   217 |   144 ||   418

Table legend: (Time is in decaauts)
 A = Elapsed time spent in this place.
 B = Non-inter-level travel time spent in this place.
 C = Inter-level travel time spent in this place.
 D = Time resting spent in this place.
 E = Time spent auto-exploring this place.
 F = Levels seen in this place.
 G = Mean time per level.
                   A        B        C        D        E       F      G
               +--------+--------+--------+--------+--------+-----+--------+
         Total |   8735 |   8452 |    283 |      0 |   6563 |  12 |  727.9 |
       Dungeon |   8141 |   7858 |    283 |      0 |   6235 |  10 |  814.1 |
        Temple |     30 |     30 |      0 |      0 |      0 |   1 |   30.0 |
       Ossuary |    563 |    563 |      0 |      0 |    328 |   1 |  563.0 |
               +--------+--------+--------+--------+--------+-----+--------+

Top non-repeatable levels by time:
     D:7: 1544 daAuts
     D:3: 1054 daAuts
     D:9: 908 daAuts
     D:5: 853 daAuts
     D:6: 805 daAuts
     D:4: 769 daAuts
     D:1: 767 daAuts
     D:8: 703 daAuts
     D:2: 691 daAuts
 Ossuary: 563 daAuts
    D:10: 41 daAuts
  Temple: 30 daAuts
